Map: New Repugnancy LE

Players

Neeblet (Neeb) - Winner!

  • Race: Protoss Protoss
  • League: Grandmaster
  • Spawn Location: 1:00

PtitDrogo

  • Race: Protoss Protoss
  • League: Master
  • Spawn Location: 7:00

Event: 2019 Assembly Summer

VOD

Have the link to the VOD?

Description

Time

  • Played on: Aug. 2, 2019, 12:15 p.m.
  • Length: 4:19

All games in this series

Show
View Real Time Build Order
Export as new Build Order

Neeblet Protoss - Winner!

Build Orders:  

Get SALT Encoding   

  12  0:00  Probe  
  13  0:12  Probe  
  14  0:17  Pylon  
  14  0:24  Probe  
  15  0:32  Probe  
  15  0:36  Gateway  
  15  0:40  Probe  
  16  0:46  Assimilator  
  17  0:51  Probe  
  17  0:54  Assimilator  
  18  0:59  Probe  
  19  1:07  Probe  
  19  1:08  Gateway  
  19  1:17  Probe  
  20  1:25  Cybernetics Core  
  21  1:29  Probe  
  22  1:36  Pylon  
  22  1:41  Probe  
  23  1:54  Probe  
  24  2:01  Robotics Facility  
  24  2:03  Adept  
  24  2:04  Adept  
  24  2:08  Warp Gate  
  28  2:17  Pylon  
  28  2:25  Pylon  
  28  2:34  Stalker  
  28  2:35  Stalker  
  32  2:38  Immortal  
  36  2:56  Pylon  
  36  3:09  Warp Prism  
  38  3:26  Gateway  
  40  3:57  Stalker x2  
Show
View Real Time Build Order
Export as new Build Order

PtitDrogo Protoss 

Build Orders: Phoenix Opening 

Get SALT Encoding   

  12  0:00  Probe  
  13  0:12  Probe  
  14  0:17  Pylon  
  14  0:24  Probe  
  15  0:34  Probe  
  15  0:35  Gateway  
  15  0:42  Probe  
  16  0:47  Assimilator  
  17  0:52  Probe  
  17  0:56  Assimilator  
  18  1:00  Probe  
  19  1:08  Gateway, Probe  
  19  1:18  Probe  
  20  1:24  Cybernetics Core  
  21  1:30  Probe  
  22  1:35  Pylon  
  22  1:42  Probe  
  23  1:53  Warp Gate  
  23  1:54  Probe  
  24  2:01  Stalker  
  24  2:02  Sentry  
  24  2:08  Probe  
  29  2:13  Pylon  
  29  2:31  Stalker x2  
  33  2:42  Phoenix  
  33  2:48  Nexus  
  33  2:51  Probe  
  34  3:00  Pylon  
  34  3:07  Shield Battery  
  34  3:12  Sentry x2  
  38  3:24  Robotics Facility  
  38  3:27  Shield Battery  
  34  3:37  Probe  
  35  3:46  Stalker x2  
  33  3:54  Pylon  
  33  3:56  Shield Battery  
  33  4:03  Stalker  
  33  4:10  Stalker  
Tags
 
Add a new tag
Caveats
  • Supply blocks, unpowered buildings, or Contaminate may cause inaccurate times.
  • Supply counts are checked every 10 seconds.